 Dungeon Crawl Stone Soup version 0.29.0-11-gd7f09526c8 (webtiles) character file.

Game seed: 16189803597538466023

51 xian the Trooper (level 3, -1/29 HPs)
             Began as a Demonspawn Monk on Sept 5, 2022.
             Killed from afar by an orc wizard (8 damage)
             ... with a puff of flame
             ... on level 3 of the Dungeon on Sept 6, 2022.
             The game lasted 00:04:07 (2736 turns).

xian the Trooper (Demonspawn Monk)                  Turns: 2736, Time: 00:04:08

Health: -1/29      AC:  2    Str: 13    XL:     3   Next: 58%
Magic:  3/3        EV: 13    Int: 11    God:
Gold:   139        SH:  0    Dex: 15    Spells: 2/2 levels left

rFire   . . .      SeeInvis .   a - +0 hand axe
rCold   . . .      Faith    .   (no shield)
rNeg    . . .      Spirit   .   b - +0 robe
rPois   .          Reflect  .   (no helmet)
rElec   .          Harm     .   (no cloak)
rCorr   .          Rampage  .   (no gloves)
Will    .....                   (no boots)
Stlth   ++........              (no amulet)
HPRegen 0.09/turn               (no ring)
MPRegen 0.08/turn               (no ring)

@: no status effects
A: demonic magic 1
a: no special abilities


You were on level 3 of the Dungeon.
You visited 1 branch of the dungeon, and saw 3 of its levels.

You collected 139 gold pieces.

Inventory:

Hand Weapons
 a - a +0 hand axe (weapon)
Missiles
 l - 7 poisoned darts (quivered)
Armour
 b - a +0 robe (worn)
Scrolls
 d - a scroll of silence
 f - 4 scrolls of teleportation
 g - a scroll of fear {unknown}
 i - 3 scrolls of amnesia
 m - a scroll of enchant armour {unknown}
Potions
 e - a potion of heal wounds {unknown}
 h - a potion of resistance {unknown}
 j - a potion of lignification {unknown}
 k - a potion of brilliance {unknown}
 n - a potion of berserk rage {unknown}


   Skills:
 + Level 3.4 Fighting
 + Level 3.4 Axes
 + Level 3.0 Dodging
 + Level 2.1 Stealth


You had 2 spell levels left.
You didn't know any spells.
Your spell library contained the following spells:

 Spells                   Type           Power      Damage    Failure   Level
 Poisonous Vapours        Pois/Air       0%         N/A       47%         2
 Ignite Poison            Fire/Tmut/Pois 0%         N/A       71%         3
 Mephitic Cloud           Conj/Pois/Air  0%         N/A       71%         3
 Corpse Rot               Necr/Pois/Air  0%         N/A       98%         4
 Freezing Cloud           Conj/Ice/Air   0%         6-21      100%        5


Dungeon Overview and Level Annotations

Branches:
Dungeon (3/15)

Altars:

Shops:
D:1 ?


Innate Abilities, Weirdness & Mutations

Spells you cast may paralyse adjacent enemies.


Message History

You barely miss something. Something hits you.
Unknown command.
You completely miss something. Something hits you but does no damage.
You feel less invigorated.
You feel less confused.
An orc wizard appears from thin air!
Reactivating autopickup.
Unknown command.
You hit the orc wizard.
The orc wizard is almost dead.
The orc wizard casts a spell.
The orc wizard flickers and vanishes!
Deactivating autopickup; reactivate with Ctrl-A.
Unknown command.
You miss something.
You hear some strange, mumbled words.
You are confused.
Unknown command.
You bump into the rock wall.
You hear some strange, mumbled words.
Something tries to affect you, but you resist.
Unknown command.
You bump into the rock wall.
Something hits you.
Unknown command.
You barely miss something. Something hits you. x2
Unknown command.
You're too confused to move!
Something hits you but does no damage.
Unknown command.
You hear some strange, mumbled words.
A puff of flame appears from out of thin air!
The puff of flame misses you.
You feel less confused. Something hits you.
You hear some strange, mumbled words.
A puff of flame appears from out of thin air!
The puff of flame hits you!
* * * LOW HITPOINT WARNING * * *
A puff of flame appears from out of thin air!
The puff of flame hits you!
You die...

......#.#..#..##
......#.##.##..#
#..#....#.##..# ###
#........##..### ....
#..o#.........#
.....##.#..###....#.#####
........................#
.....##.###.....##......#
.....##.##@.##..o##..####
#.......#####(##..#
............####.....##
##..........{..o.[....#
#..........o##########
#...........#
##.........## ##...#...##
#########


You could see an orc.

Vanquished Creatures
  An adder (D:2)
  2 worms
  A dart slug (D:2)
  An orc (D:3)
  5 endoplasms
  A giant cockroach (D:1)
  A goblin (D:2)
  A quokka (D:2)
  3 ball pythons
  3 bats (D:1)
  6 frilled lizards
  5 kobolds
  4 rats
34 creatures vanquished.

Notes
Turn   | Place    | Note
-------+----------+-------------------------------------------
     0 | D:1      | xian the Demonspawn Monk began the quest for the Orb.
     0 | D:1      | Reached XP level 1. HP: 18/18 MP: 1/1
    97 | D:1      | Found Pami's Magic Scroll Emporium.
   387 | D:1      | Gained mutation: Spells you cast may paralyse adjacent
                  | enemies. [demonic ancestry]
   387 | D:1      | Reached XP level 2. HP: 24/24 MP: 2/2
   486 | D:1      | Found a faded altar of an unknown god.
  1522 | D:2      | Reached XP level 3. HP: 20/29 MP: 3/3
  2736 | D:3      | Killed from afar by an orc wizard

Illustrated notes

Levels and vault maps discovered:
D:1:      lightli_arrival_lavapool, layout_rooms,
          shapermc_ecumenical_altar_starsandcircs, serial_shops, shop_fountains
D:2:      layout_loops_corners
D:3:      layout_rooms

Skill      XL: |  1  2  3 |
---------------+----------+-----
Axes           | 3 |  3.4
Dodging        | 3 |  3.0
Stealth        | 2 |  2.1
Fighting       | |  3.4

Action                   || total
-------------------------++-------
Melee: Hand axe          ||   137
Throw: Dart              ||     8
  Use: Scroll            ||     3
       Potion            ||     2
 Stab: Sleeping          ||     3
Armor: Robe              ||    23
Dodge: Dodged            ||    92
